 Dungeon Crawl Stone Soup version 0.28-a0-511-gcc94558de3 (webtiles) character file.

Game seed: 5240259214673419784

1036 willcat the Covert (level 8, -3/52 HPs)
             Began as an Octopode Delver on Sept 21, 2021.
             Slain by a steam dragon (8 damage)
             ... on level 7 of the Dungeon.
             The game lasted 00:03:25 (2948 turns).

willcat the Covert (Octopode Delver)                Turns: 2948, Time: 00:03:25

Health: -3/52      AC:  1    Str: 10    XL:     8   Next: 24%
Magic:  10/10      EV: 14    Int: 22    God:
Gold:   88         SH:  0    Dex:  8    Spells: 5/9 levels left

rFire   . . .      SeeInvis .   b - +5 falchion "Ydghishry" {flame, rC+ Str-2 Int+8 Dex-5}
rCold   + . .      Faith    .   (no shield)
rNeg    . . .      Spirit   .   (helmet restricted)
rPois   .          Reflect  .   (no amulet)
rElec   .          Harm     .   (no ring)
rCorr   .          Rampage  .   (no ring)
Will    .....                   (no ring)
Stlth   +++++.....              (no ring)
HPRegen 0.17/turn               (no ring)
MPRegen 0.12/turn               (no ring)
                                (no ring)
                                (no ring)

@: mighty
A: almost no armour, amphibious, 8 rings, camouflage 1, gelatinous body 1,
(nimble swimmer 1), tentacles
a: no special abilities


You were on level 7 of the Dungeon.
You visited 1 branch of the dungeon, and saw 3 of its levels.

You collected 88 gold pieces.

Inventory:

Hand Weapons
 a - a +0 short sword
 b - the +5 falchion "Ydghishry" (weapon) {flame, rC+ Str-2 Int+8 Dex-5}
   (You found it on level 6 of the Dungeon)

   It burns those it strikes, dealing additional fire damage.
   Big, fiery blades are also staple armaments of hydra-hunters.
   Str:       It affects your strength (-2).
   Int:       It affects your intelligence (+8).
   Dex:       It affects your dexterity (-5).
   rC:        It protects you from cold.
Missiles
 h - 5 silver javelins (quivered)
Magical Staves
 g - a staff of fire
Wands
 f - a wand of digging (3)
Scrolls
 c - a scroll of magic mapping
 d - a scroll of fear
 i - 2 scrolls of identify {unknown}
 n - 2 scrolls of enchant armour {unknown}
 o - a scroll of noise {unknown}
 p - 2 scrolls of fog
Potions
 e - 2 potions of haste
 j - a potion of lignification {unknown}
 k - a potion of degeneration {unknown}
 l - a potion of invisibility {unknown}
 m - 2 potions of might
 q - 3 potions of curing {unknown}


   Skills:
 - Level 3.0 Fighting
 - Level 5.3 Short Blades
 + Level 1.0(3.4) Long Blades
 + Level 5.4 Dodging
 + Level 9.9 Stealth
 + Level 1.4 Spellcasting
 + Level 1.6 Air Magic


You had 5 spell levels left.
You knew the following spells:

 Your Spells              Type           Power      Damage    Failure   Level
a - Airstrike             Air            4%         N/A       58%         4

Your spell library contained the following spells:

 Spells                   Type           Power      Damage    Failure   Level
 Summon Lightning Spire   Summ/Air       5%         N/A       71%         4
 Animate Dead             Necr           0%         N/A       82%         4
 Lightning Bolt           Conj/Air       2%         1d14      96%         5
 Haunt                    Necr/Summ      0%         N/A       100%        7
 Infestation              Necr           0%         N/A       100%        8


Dungeon Overview and Level Annotations

Branches:
Dungeon (7/15)
 Temple: D:4-7

Altars:


Innate Abilities, Weirdness & Mutations

You cannot wear most types of armour.
You are amphibious.
You can wear up to eight rings at the same time.
Your skin changes colour to match your surroundings (Stealth+).
Your rubbery body absorbs attacks. (AC +1, EV +1)
((You are camouflaged near water. (Stealth+)))
You have tentacles for arms and can constrict up to eight enemies at once.


Message History

The steam dragon breathes steam at you. The ball of steam hits you!
You hear an angry growl.
Unknown command.
The steam dragon closely misses you. The steam dragon barely misses you.
You barely miss the steam dragon.
You squeeze the steam dragon, but do no damage.
The steam dragon is moderately wounded.
The steam dragon breathes steam at you. The ball of steam misses you.
The steam dragon bites you! The steam dragon closely misses you.
The steam dragon breathes steam at you. The ball of steam misses you.
You hit the steam dragon but do no damage.
The steam dragon is moderately wounded.
You are engulfed in a cloud of scalding steam.
* * * LOW HITPOINT WARNING * * *
The steam dragon barely misses you. x2
Unknown command.
It was a potion of might.
You feel very mighty all of a sudden. The steam dragon completely misses you.
The steam dragon claws you.
* * * LOW HITPOINT WARNING * * *
Unknown command.
You barely miss the steam dragon.
The steam dragon is lightly wounded.
The steam dragon breathes steam at you. The ball of steam hits you!
* * * LOW HITPOINT WARNING * * *
Unknown command.
Unknown command.
You slash the steam dragon! You burn the steam dragon.
The steam dragon is heavily wounded.
The steam dragon closely misses you. x2
Unknown command.
Unknown command.
You closely miss the steam dragon. Your squeeze misses the steam dragon.
The steam dragon is heavily wounded.
The steam dragon bites you!
You die...

#... # ##....
## #....# #.
.# ##...# ...
.## #...##....
..##
##.........
...#
##?..<......
...## #§§D@<.#
....#
##..§.##.....
....##
##§..### ...
.....# ##..###
.
.....#####..##
...........##
..........##
#########.#
###


You could see a steam dragon (catching breath).

Vanquished Creatures
  A sky beast (D:6)
  An ogre (D:5)
  A necrophage (D:5)
  A kobold brigand (D:6)
  4 bullfrogs
  2 scorpions (D:6)
  A howler monkey (D:6)
  A centaur zombie (D:5)
  2 hounds (D:5)
  A bullfrog zombie (D:6)
  A centaur skeleton (D:6)
  2 iguanas
  A hound skeleton (D:5)
  A howler monkey zombie (D:7)
  2 adders (D:5)
  3 gnolls (D:7)
  2 ufetubi
  4 kobolds (D:6)
  A quokka (D:5)
32 creatures vanquished.

Notes
Turn   | Place    | Note
-------+----------+-------------------------------------------
     0 | D:5      | willcat the Octopode Delver began the quest for the Orb.
     0 | D:5      | Reached XP level 1. HP: 16/16 MP: 1/1
    23 | D:5      | Noticed an ogre
    29 | D:5      | Killed an ogre
    30 | D:5      | Reached skill level 7 in Stealth
    30 | D:5      | Reached XP level 2. HP: 21/21 MP: 2/2
    30 | D:5      | Reached XP level 3. HP: 26/26 MP: 3/3
    30 | D:5      | Reached XP level 4. HP: 31/31 MP: 4/4
    71 | D:5      | Reached XP level 5. HP: 24/36 MP: 5/5
   438 | D:5      | Noticed a necrophage
   449 | D:5      | Killed a necrophage
   450 | D:5      | Reached skill level 8 in Stealth
   703 | D:5      | Reached XP level 6. HP: 42/42 MP: 6/6
  1332 | D:6      | Noticed a sky beast
  1340 | D:6      | Killed a sky beast
  1341 | D:6      | Reached XP level 7. HP: 46/46 MP: 7/7
  1390 | D:6      | Reached skill level 9 in Stealth
  1729 | D:6      | Reached skill level 5 in Short Blades
  1729 | D:6      | Reached skill level 5 in Dodging
  1860 | D:6      | Learned a level 4 spell: Airstrike
  2016 | D:6      | Reached skill level 1 in Air Magic
  2016 | D:6      | Reached XP level 8. HP: 43/52 MP: 7/9
  2018 | D:6      | Identified the +5 falchion "Ydghishry" {flame, rC+ Str-2
                  | Int+8 Dex-5}
  2155 | D:6      | Reached skill level 1 in Spellcasting
  2621 | D:7      | Reached skill level 1 in Long Blades
  2948 | D:7      | Slain by a steam dragon

Illustrated notes

Levels and vault maps discovered:
D:5:      layout_loops_ring, grunt_ministairs_5
D:6:      layout_rooms
D:7:      layout_cave_pods

Skill      XL: |  1  2  3  4  5  6  7  8 |
---------------+-------------------------+-----
Short Blades   | 3 4 5 |  5.3
Dodging        | 3 4 5 |  5.4
Stealth        | 7 8 9 |  9.9
Air Magic      | 1 |  1.6
Spellcasting   | 1 |  1.4
Long Blades    | 1 |  1.0
Fighting       | |  3.0

Action                   |  1- 3 |  4- 6 |  7- 9 || total
-------------------------+-------+-------+-------++-------
Melee: Short sword       |     5 |    36 |    46 ||    87
       Tentacles         |     2 |     9 |    18 ||    29
       Constrict         |       |     4 |    14 ||    18
       Falchion          |       |       |    25 ||    25
Throw: Javelin           |       |       |     4 ||     4
  Use: Potion            |       |       |     1 ||     1
 Stab: Sleeping          |     1 |     6 |     2 ||     9
       Distracted        |       |       |     1 ||     1
Armor: Skin              |       |     3 |     5 ||     8
Dodge: Dodged            |     3 |    21 |    55 ||    79

Table legend: (Time is in decaauts)
 A = Elapsed time spent in this place.
 B = Non-inter-level travel time spent in this place.
 C = Inter-level travel time spent in this place.
 D = Time resting spent in this place.
 E = Time spent auto-exploring this place.
 F = Levels seen in this place.
 G = Mean time per level.
                   A        B        C        D        E       F      G
               +--------+--------+--------+--------+--------+-----+--------+
         Total |   2942 |   2868 |     74 |    794 |   1711 |   3 |  980.7 |
       Dungeon |   2942 |   2868 |     74 |    794 |   1711 |   3 |  980.7 |
               +--------+--------+--------+--------+--------+-----+--------+

Top non-repeatable levels by time:
     D:5: 1329 daAuts
     D:6: 1164 daAuts
     D:7: 448 daAuts
